 Dungeon Crawl Stone Soup version 0.26.1-11-gd32895ea62 (webtiles) character file.

Game seed: 7988459047819396950

253 jlumianski the Grasshopper (level 6, -4/50 HPs)
             Began as a Gnoll Warper on Apr 30, 2021.
             Killed by divine providence
             ... invoked by an orc priest
              (16 damage)
             ... on level 4 of the Dungeon.
             The game lasted 00:13:29 (3783 turns).

jlumianski the Grasshopper (Gnoll Warper)           Turns: 3783, Time: 00:13:29

Health: -4/50      AC:  4    Str: 14    XL:     6   Next: 14%
Magic:  13/13      EV: 15    Int: 17    God:
Gold:   282        SH:  0    Dex: 20    Spells: 13/15 levels left

rFire    . . .     SeeInvis .   l - +1 short sword (elec)
rCold    . . .     Faith    .   (no shield)
rNeg     . . .     Spirit   .   b - +0 leather armour
rPois    .         Reflect  .   j - +0 hat
rElec    .         Harm     .   g - +0 cloak
rCorr    .         Rampage  .   (no gloves)
Will     .....                  (no boots)
Stlth    ++........             (no amulet)
HPRegen  0.16/turn              f - +6 ring of dexterity
MPRegen  0.13/turn              (no ring)

@: no status effects
A: distributed training, fangs 1, strong nose
a: no special abilities


You were on level 4 of the Dungeon.
You visited 1 branch of the dungeon, and saw 4 of its levels.

You collected 282 gold pieces.

Inventory:

Hand Weapons
 a - a +0 hand axe
 l - a +1 short sword of electrocution (weapon)
Missiles
 c - 61 stones (quivered)
 e - 5 boomerangs of dispersal
Armour
 b - a +0 leather armour (worn)
 g - a +0 cloak (worn)
 j - a +0 hat (worn)
 s - a +0 ring mail
 t - a cursed +0 robe
Jewellery
 f - a +6 ring of dexterity (left hand)
 n - an uncursed ring of positive energy
Wands
 p - a wand of acid (10)
Scrolls
 d - 2 scrolls of blinking
 h - 4 scrolls of remove curse
 i - 2 scrolls of identify
 k - 4 scrolls of teleportation {unknown}
 o - a scroll of magic mapping {unknown}
 q - a scroll of amnesia {unknown}
Potions
 r - a potion of heal wounds {unknown}
 u - 2 potions of mutation {unknown}


   Skills:
 + Level 4.9 Fighting
 + Level 1.8 Short Blades
 + Level 1.8 Long Blades
 + Level 4.9 Axes
 + Level 1.8 Maces & Flails
 + Level 1.8 Polearms
 + Level 1.8 Staves
 + Level 1.8 Slings
 + Level 1.8 Bows
 + Level 1.8 Crossbows
 + Level 3.1 Throwing
 + Level 3.1 Armour
 + Level 4.9 Dodging
 + Level 1.8 Stealth
 + Level 1.8 Shields
 + Level 1.8 Unarmed Combat
 + Level 5.3 Spellcasting
 + Level 1.4 Conjurations
 + Level 1.4 Hexes
 + Level 1.4 Summonings
 + Level 1.4 Necromancy
 + Level 5.6 Translocations
 + Level 1.4 Transmutations
 + Level 1.4 Fire Magic
 + Level 1.4 Ice Magic
 + Level 1.4 Air Magic
 + Level 1.4 Earth Magic
 + Level 1.4 Poison Magic
 + Level 2.0 Invocations
 + Level 1.8 Evocations


You had 13 spell levels left.
You knew the following spells:

 Your Spells              Type           Power        Failure   Level
a - Blink                 Tloc           N/A          2%          2

Your spell library contained the following spells:

 Spells                   Type           Power        Failure   Level
 Gell's Gravitas          Tloc           11%          4%          3
 Lesser Beckoning         Tloc           11%          4%          3
 Teleport Other           Tloc           23%          4%          3
 Passage of Golubria      Tloc           N/A          17%         4


Dungeon Overview and Level Annotations

Branches:
Dungeon (4/15)
 Temple: D:4-7

Altars:
Gozag
Hepliaklqana
Makhleb
Zin


Innate Abilities, Weirdness & Mutations

Your experience applies equally to all skills.
You have very sharp teeth.
Your uncanny sense of smell can sniff out nearby items.


Message History

You closely miss the orc priest.
The orc priest is almost dead.
The orc priest calls down the wrath of Beogh upon you.
Beogh smites you!
* * * LOW HITPOINT WARNING * * *
You barely miss the orc priest.
The orc priest is almost dead.
The orc priest misses you.
You hit the orc priest.
The orc priest is almost dead.
You hit the orc. Lightning courses through the orc!
You kill the orc!
The orc priest mumbles some strange prayers to Beogh against you.
Beogh smites you!
* * * LOW HITPOINT WARNING * * *
You feel better.
The orc priest looks satisfied for a moment.
The orc priest invokes the aid of Beogh against you.
Beogh smites you!
You die...

#############
#....@oooo...
#.###########
#.# #.# #.#
#.# #.# #.#
#.#


You could see an orc priest and 3 orcs.

Vanquished Creatures
  An ogre (D:4)
  A scorpion (D:4)
  A worker ant (D:4)
  2 adders
  An ufetubus (D:3)
  3 worms
  A dart slug (D:3)
  2 orcs
  2 ball pythons
  A giant cockroach (D:4)
  4 goblins
  8 hobgoblins
  8 jackals
  4 quokkas (D:3)
  7 bats
  4 frilled lizards
  8 kobolds
  A quokka skeleton (D:4)
  2 rats
61 creatures vanquished.

Notes
Turn   | Place    | Note
-------+----------+-------------------------------------------
     0 | D:1      | jlumianski the Gnoll Warper began the quest for the Orb.
     0 | D:1      | Reached XP level 1. HP: 20/20 MP: 6/6
   569 | D:1      | Reached XP level 2. HP: 26/26 MP: 7/7
   855 | D:1      | Learned a level 2 spell: Blink
  1762 | D:2      | Reached XP level 3. HP: 31/31 MP: 9/9
  1773 | D:2      | Reached skill level 5 in Spellcasting
  2038 | D:2      | Reached skill level 1 in Invocations
  2271 | D:2      | Found a hazy altar of Hepliaklqana.
  2271 | D:2      | Found a glowing silver altar of Zin.
  2279 | D:2      | Found an opulent altar of Gozag.
  2282 | D:2      | Found a burning altar of Makhleb.
  2284 | D:2      | Found a faded altar of an unknown god.
  2540 | D:3      | Reached skill level 1 in Short Blades
  2540 | D:3      | Reached skill level 1 in Long Blades
  2540 | D:3      | Reached skill level 1 in Maces & Flails
  2540 | D:3      | Reached skill level 1 in Polearms
  2540 | D:3      | Reached skill level 1 in Staves
  2540 | D:3      | Reached skill level 1 in Slings
  2540 | D:3      | Reached skill level 1 in Bows
  2540 | D:3      | Reached skill level 1 in Crossbows
  2540 | D:3      | Reached skill level 1 in Stealth
  2540 | D:3      | Reached skill level 1 in Shields
  2540 | D:3      | Reached skill level 1 in Unarmed Combat
  2540 | D:3      | Reached skill level 1 in Evocations
  2725 | D:3      | Reached XP level 4. HP: 38/38 MP: 11/11
  3609 | D:4      | Reached skill level 1 in Conjurations
  3609 | D:4      | Reached skill level 1 in Hexes
  3609 | D:4      | Reached skill level 1 in Summonings
  3609 | D:4      | Reached skill level 1 in Necromancy
  3609 | D:4      | Reached skill level 1 in Transmutations
  3609 | D:4      | Reached skill level 1 in Fire Magic
  3609 | D:4      | Reached skill level 1 in Ice Magic
  3609 | D:4      | Reached skill level 1 in Air Magic
  3609 | D:4      | Reached skill level 1 in Earth Magic
  3609 | D:4      | Reached skill level 1 in Poison Magic
  3619 | D:4      | Reached XP level 5. HP: 39/43 MP: 12/12
  3624 | D:4      | Noticed an ogre
  3637 | D:4      | Killed an ogre
  3753 | D:4      | Reached XP level 6. HP: 50/50 MP: 13/13
  3783 | D:4      | Killed from afar by an orc priest

Illustrated notes

Levels and vault maps discovered:
D:1:      dpeg_arrival_solitude, layout_basic, minmay_pentomino_u2
D:2:      layout_loops_ring, chequers_temple_overflow_minitemple
D:3:      layout_basic
D:4:      layout_basic, uniq_robin

Skill      XL: |  1  2  3  4  5 |
---------------+----------------+-----
Spellcasting   | 5 |  5.3
Invocations    | 1 2 |  2.0
Short Blades   | 1 |  1.8
Long Blades    | 1 |  1.8
Maces & Flails | 1 |  1.8
Polearms       | 1 |  1.8
Staves         | 1 |  1.8
Slings         | 1 |  1.8
Bows           | 1 |  1.8
Crossbows      | 1 |  1.8
Stealth        | 1 |  1.8
Shields        | 1 |  1.8
Unarmed Combat | 1 |  1.8
Evocations     | 1 |  1.8
Conjurations   | 1 |  1.4
Hexes          | 1 |  1.4
Summonings     | 1 |  1.4
Necromancy     | 1 |  1.4
Transmutations | 1 |  1.4
Fire Magic     | 1 |  1.4
Ice Magic      | 1 |  1.4
Air Magic      | 1 |  1.4
Earth Magic    | 1 |  1.4
Poison Magic   | 1 |  1.4
Throwing       | 3 |  3.1
Armour         | 3 |  3.1
Fighting       | |  4.9
Axes           | |  4.9
Dodging        | |  4.9
Translocations | |  5.6

Action                   |  1- 3 |  4- 6 || total
-------------------------+-------+-------++-------
Melee: Hand axe          |    82 |       ||    82
       Bite              |    17 |     6 ||    23
       Short sword       |    42 |    72 ||   114
Throw: Stone             |    35 |     2 ||    37
 Cast: Blink             |     2 |     1 ||     3
  Use: Scroll            |     2 |     1 ||     3
       Potion            |       |     1 ||     1
 Stab: Sleeping          |     1 |     1 ||     2
Armor: Leather armour    |    22 |     9 ||    31
Dodge: Dodged            |    81 |    59 ||   140
